 Dungeon Crawl Stone Soup version 0.24.0-123-gd5b16e6ec5 (webtiles) character file.

Game seed: 16132550169759822918, levelgen mode: deterministic

58 Johnny the Digger (level 3, 0/26 HPs)
             Began as a Demigod Earth Elementalist on Feb 10, 2020.
             Slain by Terence
             ... wielding a +5 vampiric short sword
              (3 damage)
             ... on level 1 of the Dungeon.
             The game lasted 00:02:13 (1434 turns).

Johnny the Digger (Demigod Earth Elementalist)      Turns: 1434, Time: 00:02:13

Health: 0/26       AC:  2    Str: 16    XL:     3   Next: 52%
Magic:  9/9        EV: 18    Int: 21    God:
Gold:   69         SH:  0    Dex: 21    Spells: 6/7 levels left

rFire    . . .     SeeInvis .   h - +2 mace (holy)
rCold    . . .     Gourm    .   (no shield)
rNeg     . . .     Faith    .   c - +0 robe
rPois    .         Spirit   .   (no helmet)
rElec    .         Reflect  .   (no cloak)
rCorr    .         Harm     .   (no gloves)
MR       .....                  (no boots)
Stlth    +++.......             (no amulet)
HPRegen  0.08/turn              (no ring)
MPRegen  0.11/turn              (no ring)

@: mighty, agile, hasted, very quick
A: high mp 1
a: no special abilities


You were on level 1 of the Dungeon.
You were hungry.

You visited 1 branch of the dungeon, and saw 2 of its levels.

You collected 69 gold pieces.

Inventory:

Hand Weapons
 g - a +0 spear
 h - a +2 mace of holy wrath (weapon)
Missiles
 b - 43 stones (quivered)
Armour
 c - a +0 robe (worn)
Scrolls
 a - a scroll of enchant armour {unknown}
 f - 2 scrolls of fog {unknown}
 i - 2 scrolls of blinking {unknown}
 m - a scroll of remove curse {unknown}
Comestibles
 d - 4 rations


   Skills:
 - Level 1.7 Dodging
 - Level 1.7 Stealth
 + Level 2.7 Spellcasting
   Level 0.8 Transmutations
 + Level 3.6 Earth Magic


You had 6 spell levels left.
You knew the following spells:

 Your Spells              Type           Power        Failure   Level  Hunger
a - Sandblast             Erth           ###...       3%          1    None

Your spell library contained the following spells:

 Spells                   Type           Power        Failure   Level  Hunger
 Passwall                 Tmut/Erth      ##......     9%          2    ##.....
 Stone Arrow              Conj/Erth      ##....       19%         3    ###....
 Petrify                  Tmut/Erth      ##......     47%         4    ####...
 Lee's Rapid Deconstruct  Erth           ###.......   65%         5    ######.


Dungeon Overview and Level Annotations

Branches:
Dungeon (2/15)

Annotations:
D:1 Terence


Innate Abilities, Weirdness & Mutations

You have an increased reservoir of magic. (+10% MP)


Message History

Terence says, "Time to say good-bye..."
Terence looks scornfully at you.
You see here a club.
Terence shouts, "DIE!!!"
There is a stone staircase leading down here.
Terence hits you but does no damage.
Terence asks, "Do you want it fast or slow?"
It was a potion of might.
You feel very mighty all of a sudden.
Terence says, "Rest in peace."
Terence closely misses you.
You hit Terence but do no damage.
Terence hits you with a +5 vampiric short sword.
It was a potion of agility.
You feel agile all of a sudden.
Terence hits you with a +5 vampiric short sword!
* * * LOW HITPOINT WARNING * * *
It was a potion of haste.
You feel yourself speed up.
Terence hits you with a +5 vampiric short sword.
You die...

# #...# #.###....#
#####.### #.#
###.## ......# #.#
#.# ####### #####
#.#####.# #
##.###...#
#....##.# #
##..>...#.######
####.##.#
###.#.#.#....)...#
#.##.#
#...........####.#
#.##.#
#.#.#.#.###># #@#
#.##.# #.##...##
#.# #@# #.##.#
#.###.## #.#
#.##### #.##.# #.#
#.# #.#
#.....###.##.# #.#
#.# #.#
#####.#...##.# #.#
#.# #.#
#.#.####.##### #.#
#.# #.# ##.#.#
#...).# #.# #.#
#.# ##....#
#####.# #.###.#
#.######.....# #.#


You could see Terence.

Vanquished Creatures
  An adder (D:2)
  An ooze (D:1)
  2 dart slugs (D:1)
  A leopard gecko (D:2)
  A giant cockroach (D:1)
  A goblin (D:1)
  3 hobgoblins (D:1)
  11 jackals
  A quokka (D:2)
  4 bats
  A frilled lizard (D:2)
  6 kobolds (D:1)
  3 rats
36 creatures vanquished.

Notes
Turn   | Place    | Note
-------+----------+-------------------------------------------
     0 | D:1      | Johnny the Demigod Earth Elementalist began the quest for
                  | the Orb.
     0 | D:1      | Reached XP level 1. HP: 14/14 MP: 5/5
   211 | D:1      | Reached skill level 3 in Earth Magic
   282 | D:1      | Reached XP level 2. HP: 14/20 MP: 4/7
   722 | D:2      | Found a stormy altar of Qazlal.
   726 | D:2      | Reached XP level 3. HP: 26/26 MP: 9/9
  1052 | D:2      | Noticed Terence
  1434 | D:1      | Slain by Terence

Levels and vault maps discovered:
D:1:      dpeg_arrival_concentric_ovals, layout_loops_ring
D:2:      layout_loops_ring, grunt_qazlal_clouds, kennysheep_nub,
          kennysheep_potato, uniq_terence

Skill      XL: |  1 |
---------------+----+-----
Spellcasting   | 2 |  2.7
Earth Magic    | 3 |  3.6
Dodging        | |  1.7
Stealth        | |  1.7
Transmutations | |  0.8

Action                   || total
-------------------------++-------
Melee: Unarmed           ||    16
       Spear             ||     5
       Mace              ||    56
 Cast: Sandblast         ||    18
  Use: Potion            ||     3
 Stab: Sleeping          ||     1
  Eat: Chunk             ||     1
Armor: Robe              ||    19
Dodge: Dodged            ||    66
